 Dungeon Crawl Stone Soup version 0.21.1-1-g345015fe64 (webtiles) character file.

142 Hercules1031 the Covered (level 5, -1/43 HPs)
             Began as a Barachi Fighter on June 19, 2018.
             Succumbed to denis1488's ghost's sting
             ... on level 3 of the Dungeon.
             The game lasted 00:08:34 (1976 turns).

Hercules1031 the Covered (Barachi Fighter)          Turns: 1976, Time: 00:08:35

Health: -1/43      AC: 12    Str: 23      XL:     5   Next: 24%
Magic:  5/5        EV:  4    Int:  8 (9)  God:
Gold:   79         SH:  9    Dex: 10 (11) Spells: 4/4 levels left

rFire    + . .     SeeInvis .   a - +0 long sword
rCold    x . .     Gourm    .   c - +0 shield
rNeg     . . .     Faith    .   m - +0 plate armour
rPois    .         Spirit   .   (no helmet)
rElec    .         Reflect  .   (no cloak)
rCorr    .         Harm     .   (no gloves)
MR       .....                  (no boots)
Stlth    ..........             (no amulet)
HPRegen  0.14/turn              f - ring of fire
MPRegen  0.09/turn              (no ring)

@: mighty, lethally poisoned (-1 -> -17), slow
A: +LOS, swims, blurry vision 1, mutation resistance 1, slowness 1, strong legs
1
a: Hop


You were on level 3 of the Dungeon.
You were completely stuffed.

You visited 1 branch of the dungeon, and saw 3 of its levels.

You collected 79 gold pieces.

Inventory:

Hand Weapons
 a - a +0 long sword (weapon)
Armour
 b - a +0 scale mail
 c - a +0 shield (worn)
 m - a +0 plate armour (worn)
Jewellery
 f - a ring of fire (left hand)
Scrolls
 e - a scroll of enchant weapon {unknown}
 g - a scroll of fear {unknown}
 h - 2 scrolls of teleportation {unknown}
 i - a scroll of identify {unknown}
 l - a scroll of magic mapping {unknown}
Potions
 d - 3 potions of might
 j - a potion of brilliance
Comestibles
 k - a ration


   Skills:
 + Level 4.4 Fighting
 * Level 4.4 Long Blades
 + Level 4.4 Armour
 + Level 4.0 Shields


You had 4 spell levels left.
You didn't know any spells.

Dungeon Overview and Level Annotations

Branches:
Dungeon (3/15)

Altars:

Annotations:
D:3 denis1488's ghost, amateur SpVM


Innate Abilities, Weirdness & Mutations

Shadows flee at your approach. (+LOS)
You can swim through water.
You cover ground slowly.
You can hop short distances.
Scrolls take you a little longer to read.
You are somewhat resistant to further mutation.


Message History

Denis1488's ghost hits you but does no damage.
You slash denis1488's ghost!
Denis1488's ghost is moderately damaged.
* * * LOW HITPOINT WARNING * * *
You feel sick. You block the orc priest's attack. Denis1488's ghost hits you.
* * * LOW HITPOINT WARNING * * *
You barely miss denis1488's ghost.
Denis1488's ghost is moderately damaged.
* * * LOW HITPOINT WARNING * * *
You feel sick. You block the orc priest's attack.
Denis1488's ghost hits you but does no damage.
Denis1488's ghost gestures at you while chanting.
You block the sting.
The orc priest hits you but does no damage.
Unknown command.
Unknown command.
Unknown command.
Unknown command.
You feel very mighty all of a sudden.
You die...

#.. #....).).#.#
... ##...##..[.#
#.## ##.##.....##
#..###..#......)#
#...#...........#
#..#.#..........#
#..###))...รท...##
#<.####..##...##
#.)<.....@o..##
##.......W#.##
######.#.#.#
#.#.#.# #......
###.#.. #.#### #.#
#.#


You could see an orc priest and denis1488's ghost.

Vanquished Creatures
  4 adders
  4 gnolls (D:3)
  A worm (D:2)
  2 dart slugs (D:2)
  A leopard gecko (D:3)
  A ball python (D:3)
  8 bats
  6 giant cockroaches
  3 goblins
  7 hobgoblins
  6 jackals
  2 frilled lizards (D:2)
  7 kobolds
  6 rats
58 creatures vanquished.

Notes
Turn   | Place    | Note
-------+----------+-------------------------------------------
     0 | D:1      | Hercules1031 the Barachi Fighter began the quest for the Orb.
     0 | D:1      | Reached XP level 1. HP: 18/18 MP: 1/1
    48 | D:1      | Gained mutation: Scrolls take you a little longer to read. [potion of mutation]
    48 | D:1      | Gained mutation: You are somewhat resistant to further mutation. [potion of mutation]
   168 | D:1      | Reached XP level 2. HP: 10/25 MP: 2/2
   621 | D:1      | Reached XP level 3. HP: 30/30 MP: 3/3
  1164 | D:2      | Reached XP level 4. HP: 37/37 MP: 4/4
  1802 | D:3      | Reached XP level 5. HP: 22/43 MP: 5/5
  1966 | D:3      | Noticed denis1488's ghost (amateur SpVM)
  1975 | D:3      | HP: 1/43 [poisoned by denis1488's ghost (sting)]
  1976 | D:3      | Succumbed to denis1488's ghost's sting

Skill      XL: |  1  2  3  4 |
---------------+-------------+-----
Long Blades    | 3 4 |  4.4
Fighting       | 4 |  4.4
Armour         | 4 |  4.4
Shields        | 4 |  4.0

Action                   |  1- 3 |  4- 6 || total
-------------------------+-------+-------++-------
Melee: Long sword        |   109 |   128 ||   237
  Use: Potion            |     2 |     4 ||     6
       Scroll            |     1 |       ||     1
  Eat: Ration            |     1 |     3 ||     4
Armor: Scale mail        |    87 |    15 ||   102
       Plate armour      |       |    97 ||    97
Dodge: Dodged            |    60 |    33 ||    93
Block: Shield            |    99 |   107 ||   206
       Rpst.: Long sword |    15 |    10 ||    25
